 Dungeon Crawl Stone Soup version 0.29-a0-870-g2c972031a6 (webtiles) character file.

Game seed: 54652096357684850

512 xian the Covered (level 6, -3/48 HPs)
             Began as a Demonspawn Fighter on July 17, 2022.
             Slain by a gnoll sergeant
             ... wielding a +2 spear of venom
              (9 damage)
             ... on level 5 of the Dungeon.
             The game lasted 00:13:50 (4424 turns).

xian the Covered (Demonspawn Fighter)               Turns: 4424, Time: 00:13:51

Health: -3/48      AC: 11    Str: 24    XL:     6   Next: 99%
Magic:  6/6        EV: 11    Int:  9    God:
Gold:   242        SH: 10    Dex: 22    Spells: 5/5 levels left

rFire   x . .      SeeInvis +   C - +6 spear "Jemmeaz" {venom, Str+6}
rCold   . . .      Faith    .   c - +0 buckler
rNeg    . . .      Spirit   .   r - +2 ring mail of Tioc {rF- rCorr Dex+9 Stlth-}
rPois   .          Reflect  .   (no helmet)
rElec   .          Harm     .   (no cloak)
rCorr   +          Rampage  .   (no gloves)
Will    .....                   (no boots)
Stlth   +.........              a - amulet of magic regeneration
HPRegen 0.16/turn               l - +4 ring of protection
MPRegen 0.50/turn               n - ring of see invisible

@: mighty, lethally poisoned (-3 -> -15)
A: hooves 2, large bone plates 1, foul stench 1
a: no special abilities


You were on level 5 of the Dungeon.
You visited 1 branch of the dungeon, and saw 5 of its levels.

You collected 268 gold pieces.
You spent 26 gold pieces at shops.

Inventory:

Hand Weapons
 h - a +2 dagger of speed
 C - the +6 spear "Jemmeaz" (weapon) {venom, Str+6}
   (You found it on level 5 of the Dungeon)

   It poisons the flesh of those it strikes.
   Str:       It affects your strength (+6).
Missiles
 j - 9 poisoned darts
 s - 2 throwing nets
 y - 5 javelins (quivered)
Armour
 c - a +0 buckler (worn)
 k - a +0 plate armour
 r - the +2 ring mail of Tioc (worn) {rF- rCorr Dex+9 Stlth-}
   (You found it on level 2 of the Dungeon)

   Dex:       It affects your dexterity (+9).
   rF:        It makes you vulnerable to fire.
   rCorr:     It protects you from acid and corrosion.
   Stlth:     It makes you less stealthy.
Jewellery
 a - an amulet of magic regeneration (around neck)
 l - a +4 ring of protection (left hand)
 n - a ring of see invisible (right hand)
Scrolls
 e - 2 scrolls of poison
 i - 2 scrolls of enchant armour
 m - a scroll of blinking
 p - 7 scrolls of teleportation
 q - a scroll of noise {unknown}
 t - a scroll of vulnerability {unknown}
 v - a scroll of enchant weapon
 w - a scroll of magic mapping {unknown}
 D - a scroll of identify
 E - a scroll of amnesia {unknown}
Potions
 b - a potion of haste {unknown}
 f - a potion of lignification
 g - a potion of degeneration {unknown}
 o - a potion of attraction {unknown}
 x - 2 potions of cancellation {unknown}
 z - a potion of mutation {unknown}
 A - a potion of magic {unknown}
 B - a potion of brilliance {unknown}


   Skills:
 + Level 4.1 Fighting
 + Level 3.3(3.6) Short Blades
 + Level 1.9(2.9) Long Blades
 + Level 0.1 Polearms
 + Level 0.3 Throwing
 + Level 4.3 Armour
 + Level 1.4 Dodging
 + Level 1.4 Stealth
 + Level 3.5 Shields


You had 5 spell levels left.
You didn't know any spells.
Your spell library contained the following spells:

 Spells                   Type           Power      Damage    Failure   Level
 Portal Projectile        Hex/Tloc       0%         N/A       94%         3
 Tukima's Dance           Hex            0%         N/A       94%         3
 Blade Hands              Tmut           0%         N/A       100%        5


Dungeon Overview and Level Annotations

Branches:
Dungeon (5/15)
 Temple: D:4-7

Altars:
Dithmenos
Fedhas

Shops:
D:1 =   D:2 *


Innate Abilities, Weirdness & Mutations

You have hoof-like feet.
You are partially covered in large bone plates. (SH +4)
You may rarely emit foul miasma when damaged in melee.


Message History

The gnoll sergeant is moderately wounded.
You feel very sick.
The gnoll sergeant hits you from afar with a +2 spear of venom.
You are more poisoned.
You feel very sick. You block the gnoll sergeant's attack.
You feel very sick.
You feel very mighty all of a sudden.
You feel sick. The gnoll barely misses you.
The gnoll sergeant hits you but does no damage.
You are more poisoned.
You feel much better.
You feel very sick.
The orc wizard shouts!
The gnoll sergeant hits you but does no damage.
You are more poisoned.
The gnoll closely misses you.
You feel very sick.
The gnoll sergeant hits you but does no damage.
You are more poisoned.
You block the gnoll's attack. The gnoll barely misses you.
You puncture the gnoll! Your kick misses the gnoll.
The gnoll is severely wounded.
You feel extremely sick. You block the gnoll sergeant's attack.
You block the gnoll's attack. The gnoll closely misses you.
You impale the gnoll!!
You kill the gnoll!
You feel very sick.
The gnoll throws a throwing net.
You block the throwing net. You block the gnoll sergeant's attack.
You hit the gnoll sergeant.
The gnoll sergeant is poisoned.
Your kick misses the gnoll sergeant.
The gnoll sergeant is moderately wounded.
* * * LOW HITPOINT WARNING * * *
You feel very sick.
The gnoll hits you from afar with a +0 spear!
* * * LOW HITPOINT WARNING * * *
The gnoll sergeant hits you with a +2 spear of venom!
You die...

.# .##. .....> .##
..... ..... ...#
...... .... ...#
...... ... #...#
......##.####....
..........#..#.#..#
##..........).#)@..#
(.............gg#..#
.......).....#.o####
..........##.####
....).....##..##
.........#.#...#
....†.........##
).............##
#..............#


You could see a gnoll sergeant (very poisoned), an orc wizard and a gnoll.

Vanquished Creatures
  A black bear (D:5)
  An ogre (D:5)
  A scorpion (D:4)
  A hound (D:4)
  An iguana (D:4)
  5 gnolls
  8 adders
  A white imp (D:5)
  2 worms
  4 dart slugs
  10 orcs
  9 ball pythons
  6 endoplasms
  2 giant cockroaches (D:4)
  4 goblins
  8 hobgoblins
  4 jackals (D:3)
  A quokka (D:2)
  4 bats
  4 frilled lizards
  4 kobolds
  9 rats
90 creatures vanquished.

Notes
Turn   | Place    | Note
-------+----------+-------------------------------------------
     0 | D:1      | xian the Demonspawn Fighter began the quest for the Orb.
     0 | D:1      | Reached XP level 1. HP: 18/18 MP: 1/1
    19 | D:1      | Noticed a minotaur zombie
   136 | D:1      | Found Daquy's Jewellery Emporium.
   383 | D:1      | Upgraded the game from 0.29-a0-857-g9b1aa3ac5b to
                  | 0.29-a0-870-g2c972031a6
   428 | D:1      | Gained mutation: You may rarely emit foul miasma when
                  | damaged in melee. [demonic ancestry]
   428 | D:1      | Reached XP level 2. HP: 18/24 MP: 2/2
   986 | D:1      | Reached skill level 1 in Stealth
   993 | D:1      | Reached XP level 3. HP: 10/29 MP: 3/3
  1248 | D:2      | Reached skill level 1 in Short Blades
  1513 | D:2      | Gained mutation: You have large cloven feet. [demonic
                  | ancestry]
  1513 | D:2      | Reached XP level 4. HP: 35/35 MP: 4/4
  1885 | D:2      | Found Xotouhen's Assorted Antiques.
  1895 | D:2      | Bought a scroll labelled AWEDWI WINEGA for 26 gold pieces
  1906 | D:2      | Found a faded altar of an unknown god.
  1919 | D:2      | Identified the +2 ring mail of Tioc {rF- rCorr Dex+9
                  | Stlth-}
  2918 | D:3      | Gained mutation: You have hoof-like feet. [demonic
                  | ancestry]
  2918 | D:3      | Reached XP level 5. HP: 42/42 MP: 5/5
  3462 | D:4      | Found a blossoming altar of Fedhas.
  3651 | D:4      | Reached skill level 1 in Dodging
  3731 | D:4      | Gained mutation: You are partially covered in large bone
                  | plates. (SH +4) [demonic ancestry]
  3731 | D:4      | Reached XP level 6. HP: 29/48 MP: 6/6
  3944 | D:4      | Found a shadowy altar of Dithmenos.
  4073 | D:5      | Entered Level 5 of the Dungeon
  4281 | D:5      | Identified the +6 spear "Jemmeaz" {venom, Str+6}
  4424 | D:5      | Slain by a gnoll sergeant

Illustrated notes

Levels and vault maps discovered:
D:1:      shiori_arrival_whats_in_store_for_you, layout_basic, serial_shops,
          shop, kennysheep_minor_cross
D:2:      layout_basic, serial_shops, nicolae_lakefront_shop,
          chequers_ecumenical_altar_simple_redux, minmay_pentomino_t2
D:3:      layout_loops_ring, guppyfry_early_lair_pool
D:4:      layout_rooms, kennysheep_mini, fedhas_ov_isle_minmay,
          minmay_crystal_room
D:5:      minmay_chambers_of_threes, layout_cave_pools, temple_hall,
          minmay_misc_feat_chi

Skill      XL: |  1  2  3  4  5  6 |
---------------+-------------------+-----
Stealth        | 1 |  1.4
Armour         | 3 4 |  4.3
Short Blades   | 1 2 3 |  3.3
Shields        | 3 |  3.5
Dodging        | 1 |  1.4
Fighting       | 4 |  4.1
Long Blades    | |  1.9
Polearms       | |  0.1
Throwing       | |  0.3

Action                   |  1- 3 |  4- 6 || total
-------------------------+-------+-------++-------
Melee: Dagger            |    78 |   230 ||   308
       Long sword        |     7 |       ||     7
       Kick              |       |    70 ||    70
       Spear             |       |    25 ||    25
Throw: Dart              |     1 |     3 ||     4
  Use: Scroll            |     4 |     3 ||     7
       Potion            |     1 |     2 ||     3
Armor: Scale mail        |    11 |       ||    11
       Plate armour      |    43 |    22 ||    65
       Ring mail         |       |    63 ||    63
Dodge: Dodged            |    29 |    65 ||    94
Block: Buckler           |    28 |    65 ||    93

Table legend: (Time is in decaauts)
 A = Elapsed time spent in this place.
 B = Non-inter-level travel time spent in this place.
 C = Inter-level travel time spent in this place.
 D = Time resting spent in this place.
 E = Time spent auto-exploring this place.
 F = Levels seen in this place.
 G = Mean time per level.
                   A        B        C        D        E       F      G
               +--------+--------+--------+--------+--------+-----+--------+
         Total |   4322 |   4235 |     87 |    588 |   2557 |   5 |  864.4 |
       Dungeon |   4322 |   4235 |     87 |    588 |   2557 |   5 |  864.4 |
               +--------+--------+--------+--------+--------+-----+--------+

Top non-repeatable levels by time:
     D:1: 1420 daAuts
     D:2: 1001 daAuts
     D:4: 933 daAuts
     D:3: 804 daAuts
     D:5: 162 daAuts
